 Dungeon Crawl Stone Soup version 0.26.1-11-gd32895ea62 (webtiles) character file.

Game seed: 7949361103656845178

270 phalm the Conjurer (level 6, -5/32 HPs)
             Began as a Deep Elf Conjurer on May 4, 2021.
             Killed by nerve-wracking pain
             ... invoked by Menkaure
              (10 damage)
             ... on level 4 of the Dungeon.
             The game lasted 00:07:33 (3834 turns).

phalm the Conjurer (Deep Elf Conjurer)              Turns: 3834, Time: 00:07:34

Health: -5/32      AC:  5    Str:  4    XL:     6   Next: 1%
Magic:  3/12       EV: 13    Int: 28    God:
Gold:   150        SH:  0    Dex: 13    Spells: 4/11 levels left

rFire    . . .     SeeInvis .   n - +0 dagger (elec)
rCold    . . .     Faith    .   (no shield)
rNeg     . . .     Spirit   .   a - +0 robe
rPois    .         Reflect  .   h - +1 helmet {Int+3}
rElec    .         Harm     .   o - scarf {shadows}
rCorr    .         Rampage  .   c - +0 pair of gloves
Will     .....                  (no boots)
Stlth    ++........             (no amulet)
HPRegen  0.10/turn              (no ring)
MPRegen  0.13/turn              (no ring)

@: very slightly contaminated
A: no striking features
a: no special abilities


You were on level 4 of the Dungeon.
You visited 1 branch of the dungeon, and saw 4 of its levels.

You collected 150 gold pieces.


   Skills:
 - Level 2.4 Dodging
 - Level 2.4 Stealth
 - Level 3.0 Spellcasting
 * Level 7.1 Conjurations
 * Level 3.2 Translocations


You had 4 spell levels left.
You knew the following spells:

 Your Spells              Type           Power        Failure   Level
m - Magic Dart            Conj           88%          1%          1
s - Searing Ray           Conj           44%          1%          2
X - Iskenderun's Mystic   Conj/Tloc      16%          10%         4

Your spell library contained the following spells:

 Spells                   Type           Power        Failure   Level
 Dazzling Flash           Conj/Hex       24%          5%          3
 Fulminant Prism          Conj/Hex       6%           19%         4

Inventory:

Hand Weapons
 n - a +0 dagger of electrocution (weapon)
   (You took it off a goblin on level 3 of the Dungeon)
 p - a +0 quarterstaff
   (You found it on level 3 of the Dungeon)
Missiles
 i - 19 poisoned darts
Armour
 a - a +0 robe (worn)
 c - a +0 pair of gloves (worn)
   (You found it on level 1 of the Dungeon)
 h - a +1 helmet of intelligence (worn)
   (You found it on level 2 of the Dungeon)
 o - a scarf of shadows (worn)
   (You found it on level 3 of the Dungeon)
Scrolls
 b - a scroll of blinking {unknown}
 k - a scroll of fear {unknown}
 q - a scroll of remove curse {@r2}
Potions
 d - a potion of invisibility {unknown}
 e - 2 potions of attraction {unknown}
 f - 2 potions of brilliance {unknown}
 g - a potion of berserk rage {unknown}
 j - a potion of degeneration {unknown}
 l - a potion of might {unknown}
 m - a potion of cancellation {unknown}
 r - a potion of curing {unknown}

Dungeon Overview and Level Annotations

Branches:
Dungeon (4/15)
 Temple: D:4-7

Altars:
Cheibriados
Dithmenos
Fedhas
Hepliaklqana
Xom

Annotations:
D:4 Menkaure

# #.#
#.# #.#
... .
#..
..#.#
###
..#.#
#.#.###
#.....#
#..?..#
#@M...#
#.....#
##....#
#.#.#
.# # ##


You could see Menkaure.


Message History

The hound barks!
There is a stone staircase leading up here.
The hound misses you. The hound barely misses you. The worm misses you.
You climb upwards.
There is a stone staircase leading down here.
Casting: Searing Ray (safe; 1% risk of failure)
Confirm with . or Enter, or press ? or * to list all spells.
Aiming: Searing Ray (safe; 1% risk of failure)
Press: ? - help, Shift-Dir - straight line, f - worm
Aim: a worm (8% to evade)
You feel a numb sensation.
The searing ray hits the worm! (Press . to maintain the ray.)
The hound pauses to sniff the ground.
The hound bites you. 😕 HP[-2] MP[-2]
You take 2 damage, and now have 26/28 hp.
You lost 2 mp, and now have 9/11 mp.
The searing ray hits the worm!
The hound misses you. The worm closely misses you.
The hound bites you but does no damage. 😕 MP[-1]
You lost 1 mp, and now have 8/11 mp.
The searing ray hits the worm.
You kill the worm!
The hound bites you but does no damage. 😕 MP[-1]
You lost 1 mp, and now have 7/11 mp.
The hound closely misses you.
You see here a worm corpse.
Casting: Searing Ray (safe; 1% risk of failure)
Confirm with . or Enter, or press ? or * to list all spells.
Aiming: Searing Ray (safe; 1% risk of failure)
Press: ? - help, Shift-Dir - straight line, f - hound
Aim: a hound (31% to evade)
You feel a numb sensation.
The searing ray hits the hound. (Press . to maintain the ray.)
The hound bites you. 😮 HP[-6] MP[-2]
You take 6 damage, and now have 20/28 hp.
MASSIVE DAMAGE!! (PAUSE)
You lost 2 mp, and now have 5/11 mp.
The searing ray hits the hound!
The hound bites you but does no damage. The hound misses you. 😮 MP[-1]
You lost 1 mp, and now have 4/11 mp.
The searing ray hits the hound!
You kill the hound!
You have reached level 6!
Your experience leads to an increase in your attributes!
Your base attributes are Str 4, Int 24, Dex 13.
Increase (S)trength, (I)ntelligence, or (D)exterity?
You feel clever. 😮 HP[+3] MP[-1]
You now have 32 max hp (+4).
You regained 3 hp, and now have 23/32 hp.
Done exploring. 😎 HP[+9] MP[+9]
Your hp is fully restored (32).
Your mp is fully restored (12).
There is a stone staircase leading down, spattered with blood here.
You climb downwards.
Level annotation: Menkaure
There is a stone staircase leading up here.
Casting: Searing Ray (safe; 1% risk of failure)
Confirm with . or Enter, or press ? or * to list all spells.
Aiming: Searing Ray (safe; 1% risk of failure)
Press: ? - help, Shift-Dir - straight line, f - Menkaure
Aim: Menkaure (wandering, hasn't noticed you, 11% to evade)
You feel a numb sensation.
The searing ray hits Menkaure.
Menkaure shouts! (Press . to maintain the ray.) Menkaure calls on the powers of darkness!
Your body is wracked with pain! 😮 HP[-15] MP[-2]
You take 15 damage, and now have 17/32 hp.
MASSIVE DAMAGE!! (PAUSE)
You lost 2 mp, and now have 10/12 mp.
The searing ray misses Menkaure. 😮 MP[-1]
You lost 1 mp, and now have 9/12 mp.
The searing ray misses Menkaure.
Menkaure hits you!
* * * LOW HITPOINT WARNING * * *
😱 HP[-12] MP[-1]
You take 12 damage, and now have 5/32 hp.
MASSIVE DAMAGE!! (PAUSE)
You lost 1 mp, and now have 8/12 mp.
The searing ray hits Menkaure.
You finish channeling your searing ray. 😱 MP[-1]
You lost 1 mp, and now have 7/12 mp.
Casting: Searing Ray (safe; 1% risk of failure)
Confirm with . or Enter, or press ? or * to list all spells.
Okay, then.
Casting: Searing Ray (safe; 1% risk of failure)
Confirm with . or Enter, or press ? or * to list all spells.
The spell is quite dangerous to cast (10% risk of failure)!
Continue anyway?
You feel a numb sensation.
You miscast Iskenderun's Mystic Blast.
You are very lightly contaminated with residual magic.
Nothing appears to happen.
Menkaure points at you and mumbles some strange words.
Pain shoots through your body!
You die...

Skill      XL: |  1  2  3  4  5 |
---------------+----------------+-----
Conjurations   | 5 6 7 |  7.1
Translocations | 1 3 |  3.2
Dodging        | |  2.4
Stealth        | |  2.4
Spellcasting   | |  3.0

Action                   |  1- 3 |  4- 6 || total
-------------------------+-------+-------++-------
Melee: Dagger            |       |     6 ||     6
 Cast: Magic Dart        |    65 |    73 ||   138
       Searing Ray       |     1 |    16 ||    17
  Use: Scroll            |     1 |     1 ||     2
 Stab: Sleeping          |       |     1 ||     1
Armor: Robe              |     1 |     7 ||     8
Dodge: Dodged            |     1 |    12 ||    13

Levels and vault maps discovered:
D:1:      zaba_arrival_water, layout_basic
D:2:      layout_loops_ring, serial_bayou_pond_e, lemuel_old_faithful
D:3:      layout_loops_ring, regret_index_temple_of_mockery, fedhas_altar_1,
          marbit_many_paths, nicolae_overflow_crystal_walls,
          chequers_ecumenical_altar_grove, minivault_14
D:4:      layout_loops_ring, serial_shops, nicolae_shop_statue_plus,
          kennysheep_small_spiral, uniq_menkaure, uniq_natasha

Notes
Turn   | Place    | Note
-------+----------+-------------------------------------------
     0 | D:1      | phalm the Deep Elf Conjurer began the quest for the Orb.
     0 | D:1      | Reached XP level 1. HP: 10/10 MP: 6/6
     0 | D:1      | magus.rc [v1.9.10]
    54 | D:1      | Reached XP level 2. HP: 15/15 MP: 0/8
    57 | D:1      | Learned a level 2 spell: Searing Ray
    94 | D:1      | Reached skill level 5 in Conjurations
   818 | D:1      | Reached XP level 3. HP: 19/19 MP: 5/9
  1141 | D:2      | Reached skill level 6 in Conjurations
  1259 | D:2      | Reached XP level 4. HP: 24/24 MP: 8/10
  1264 | D:2      | Learned a level 4 spell: Iskenderun's Mystic Blast
  1701 | D:2      | Reached skill level 1 in Translocations
  2386 | D:3      | Found a blossoming altar of Fedhas.
  2575 | D:3      | Reached XP level 5. HP: 28/28 MP: 4/11
  2761 | D:3      | Found a hazy altar of Hepliaklqana.
  2762 | D:3      | Found a shimmering altar of Xom.
  2763 | D:3      | Noticed a spectral ugly thing
  2779 | D:3      | Reached skill level 2 in Translocations
  2884 | D:3      | Found a snail-covered altar of Cheibriados.
  2925 | D:3      | Found a shadowy altar of Dithmenos.
  3485 | D:3      | Found a faded altar of an unknown god.
  3596 | D:4      | Reached skill level 7 in Conjurations
  3596 | D:4      | Reached skill level 3 in Translocations
  3596 | D:4      | Noticed an ogre
  3731 | D:4      | Noticed Menkaure
  3741 | D:3      | Reached XP level 6. HP: 23/32 MP: 3/12
  3832 | D:4      | HP: 5/32 [Menkaure (12)]
  3834 | D:4      | Killed from afar by Menkaure

Vanquished Creatures
  A hound (D:3)
  An orc wizard (D:4)
  A bullfrog skeleton (D:2)
  4 gnolls (D:3)
  5 adders
  An ooze (D:1)
  4 worms
  3 dart slugs
  3 leopard geckos
  4 orcs
  7 bats
  2 giant cockroaches
  11 goblins
  9 hobgoblins
  A jackal (D:3)
  A quokka (D:3)
  A ball python (D:2)
  4 frilled lizards (D:2)
  7 kobolds
  11 rats
81 creatures vanquished.

Vanquished Creatures (others)
  A plant (D:2)
1 creature vanquished.

Grand Total: 82 creatures vanquished

Table legend:
 A = Non-vault XP
 B = Vault XP
 C = Vault XP percentage of total XP
 D = Non-vault monster count
 E = Vault monster count
 F = Vault count percentage of total count
                 A         B        C        D         E       F
            +---------+---------+-------+---------+---------+-------
      Total |     385 |       2 |   0.5 |      80 |       1 |   1.2
            +---------+---------+-------+---------+---------+-------
        D:1 |      55 |       0 |   0.0 |      26 |       0 |   0.0
        D:2 |     111 |       0 |   0.0 |      24 |       0 |   0.0
        D:3 |     166 |       2 |   1.2 |      25 |       1 |   3.8
        D:4 |      53 |       0 |   0.0 |       5 |       0 |   0.0
            +---------+---------+-------+---------+---------+-------

Illustrated notes

Table legend:
 A = Kills in this place as a percentage of kills in entire the game.
 B = Kills by you in this place as a percentage of kills by you in the entire game.
 C = Kills by friends in this place as a percentage of kills by friends in the entire game.
 D = Other kills in this place as a percentage of other kills in the entire game.
 E = Experience gained in this place as a percentage of experience gained in the entire game.
 F = Experience gained in this place divided by the number of levels of this place that you have seen.
                   A       B       C       D       E      F
               +-------+-------+-------+-------+-------+----------------------
         Total | 100.0 | 100.0 |   N/A |   N/A | 100.0 |  96.8
       Dungeon | 100.0 | 100.0 |   N/A |   N/A | 100.0 |  96.8
               +-------+-------+-------+-------+-------+----------------------

Table legend: (Time is in decaauts)
 A = Elapsed time spent in this place.
 B = Non-inter-level travel time spent in this place.
 C = Inter-level travel time spent in this place.
 D = Time resting spent in this place.
 E = Time spent auto-exploring this place.
 F = Levels seen in this place.
 G = Mean time per level.
                   A        B        C        D        E       F      G
               +--------+--------+--------+--------+--------+-----+--------+
         Total |   3841 |   3735 |    106 |      0 |   3377 |   4 |  960.2 |
       Dungeon |   3841 |   3735 |    106 |      0 |   3377 |   4 |  960.2 |
               +--------+--------+--------+--------+--------+-----+--------+

Top non-repeatable levels by time:
     D:3: 1696 daAuts
     D:1: 1132 daAuts
     D:2: 990 daAuts
     D:4: 21 daAuts
